 Seeded DCSS version 0.29.1-debian-1-gc3f1650bb9 (webtiles) character file.

Game seed: 5681690248256587365 (custom seed)

5 NinjaNoafa the Chiller (level 1, -1/14 HPs)
             Began as a Draconian Ice Elementalist on Sept 12, 2022.
             Slain by a jackal (3 damage)
             ... on level 1 of the Dungeon.
             The game lasted 00:00:28 (103 turns).

NinjaNoafa the Chiller (Draconian Ice Elementalist)  Turns: 103, Time: 00:00:29

Health: -1/14      AC:  4    Str: 10    XL:     1   Next: 66%
Magic:  0/3        EV: 12    Int: 15    God:
Gold:   24         SH:  0    Dex: 11    Spells: 3/4 levels left

rFire   . . .      SeeInvis .   (no weapon)
rCold   . . .      Faith    .   (no shield)
rNeg    . . .      Spirit   .   (body armour unavailable)
rPois   .          Reflect  .   (helmet restricted)
rElec   .          Harm     .   (no cloak)
rCorr   .          Rampage  .   (no gloves)
Will    .....                   (no boots)
Stlth   ++........              (no amulet)
HPRegen 0.04/turn               (no ring)
MPRegen 0.08/turn               (no ring)

@: no status effects
A: AC +4, unfitting armour, cold-blooded
a: no special abilities


You were on level 1 of the Dungeon.
You visited 1 branch of the dungeon, and saw 1 of its levels.

You collected 24 gold pieces.

You aren't carrying anything.


   Skills:
 - Level 1.7 Dodging
 - Level 1.7 Stealth
 + Level 2.2 Spellcasting
 + Level 4.1 Ice Magic


You had 3 spell levels left.
You knew the following spells:

 Your Spells              Type           Power      Damage    Failure   Level
a - Freeze                Ice            56%        1d7       4%          1

Your spell library contained the following spells:

 Spells                   Type           Power      Damage    Failure   Level
 Frozen Ramparts          Ice            28%        1d5       12%         3
 Ozocubu's Armour         Ice            14%        N/A       12%         3
 Hailstorm                Conj/Ice       7%         3d4       67%         4


Dungeon Overview and Level Annotations

Branches:
Dungeon (1/15)

Altars:


Innate Abilities, Weirdness & Mutations

Your plain brown scales are hard. (AC +4)
You cannot fit into any form of body armour.
You are cold-blooded and may be slowed by cold attacks.


Message History

You barely miss the jackal. The jackal barely misses you. The jackal bites you.
You closely miss the jackal.
The jackal bites you but does no damage.
The jackal bites you.
You barely miss the jackal. The jackal barely misses you.
The jackal misses you. x2; The jackal completely misses you.
You closely miss the jackal. The jackal barely misses you.
The jackal bites you.
You hit the jackal but do no damage. The jackal closely misses you.
The jackal bites you but does no damage.
You are too injured to fight recklessly!
Casting: Freeze (safe; 4% risk of failure)
Confirm with . or Enter, or press ? or * to list all spells.
Aiming: Freeze (safe; 4% risk of failure)
Press: ? - help, Shift-Dir - straight line, f/p - jackal
Aim: a jackal You freeze the jackal.
The jackal is heavily wounded.
The jackal barely misses you. x2; The jackal closely misses you.
The jackal misses you.
Your magical contamination has completely faded away.
You hit the jackal.
You tail-slap the jackal, but do no damage.
The jackal is severely wounded.
The jackal misses you.
The jackal bites you but does no damage.
You barely miss the jackal.
The jackal is severely wounded.
The jackal barely misses you. The jackal bites you.
* * * LOW HITPOINT WARNING * * *
The jackal misses you. The jackal bites you.
* * * LOW HITPOINT WARNING * * *
The jackal attacks as you move away! The jackal closely misses you.
The jackal attacks as you move away!
The jackal bites you but does no damage.
The jackal attacks as you move away! The jackal closely misses you.
You barely miss the jackal.
The jackal is severely wounded.
The jackal bites you.
You die...

########.#####
#..#.........#
#.#...........
##.....#.#.... #
#......#.#.... #.
#......#.#.... #..
#....#.#.#.#..
#...#####...##.#.#.##.
#....@h.#hl...⌠#.#⌠...
#######l#..#####.#####
#h........<.....
###..#####.#####
#..... #.#⌠...
#...##.#.#.##. #....#
#.#.#.. #......#.#....
#......#.#....


You could see a jackal and a frilled lizard.

Vanquished Creatures
  A hobgoblin (D:1)
  2 jackals (D:1)
  A frilled lizard (D:1)
  A rat (D:1)
5 creatures vanquished.

Notes
Turn   | Place    | Note
-------+----------+-------------------------------------------
     0 | D:1      | NinjaNoafa the Draconian Ice Elementalist began the quest
                  | for the Orb.
     0 | D:1      | Reached XP level 1. HP: 14/14 MP: 3/3
   103 | D:1      | Slain by a jackal

Illustrated notes

Levels and vault maps discovered:
D:1:      matt_arrival_grand_opening, layout_basic,
          dreamdust_ecumenical_altar_hidden_monk_grotto

Action                   || total
-------------------------++-------
Melee: Unarmed           ||     9
       Tailslap          ||     1
 Cast: Freeze            ||    10
  Use: Potion            ||     1
Armor: Skin              ||    10
Dodge: Dodged            ||    33
